 Dungeon Crawl Stone Soup version 0.31-a0-496-g6f97920a28 (webtiles) character file.

Game seed: 16165477409271055810

1587 LeprechaunX the Changeling (level 8, -2/54 HPs)
             Began as an Octopode Shapeshifter on Aug 8, 2023.
             Slain by an adder (3 damage)
             ... on level 5 of the Dungeon.
             The game lasted 00:06:19 (4799 turns).

LeprechaunX the Changeling (Octopode Shapeshifter)  Turns: 4799, Time: 00:06:20

Health: -2/54      AC:  1    Str: 17    XL:     8   Next: 92%
Magic:  8/8        EV: 18    Int: 10    God:
Gold:   252        SH:  5    Dex: 12    Spells: 7/7 levels left

rFire   . .          .
                       - Unarmed
rCold   . . .        (shield currently unavailable)
rNeg    . . .        (helmet restricted)
rPois   .            n - amulet of reflection
rElec   .            (no ring)
rCorr   .            (no ring)
SInv    .            (no ring)
Will    .....        (no ring)
Stlth   +            (no ring)
HPRegen 0.29/turn    (no ring)
MPRegen 0.11/turn    (no ring)
                     (no ring)

%: reflection
@: flux-form, glowing
A: glow, contaminating, almost no armour, amphibious, 8 rings, camouflage 1,
gelatinous body 1, (nimble swimmer 1), tentacles
a: Begin Untransformation


You were on level 5 of the Dungeon.
You were something dangerously unstable.
You visited 1 branch of the dungeon, and saw 5 of its levels.

You collected 252 gold pieces.

Inventory:

Armour
 p - a +0 buckler
Jewellery
 n - an amulet of reflection (around mantle)
 u - an amulet of regeneration
Talismans
 b - a beast talisman
 c - a flux talisman (active)
Wands
 o - a wand of flame (27) (quivered)
Scrolls
 d - 2 scrolls of enchant armour {unknown}
 e - 3 scrolls of noise {unknown}
 h - 6 scrolls of teleportation {unknown}
 i - 2 scrolls of revelation {unknown}
 j - a scroll of silence {unknown}
 l - 2 scrolls of amnesia {unknown}
 m - 2 scrolls of poison {unknown}
 q - 3 scrolls of fear {unknown}
 r - a scroll of identify {unknown}
 t - a scroll of immolation {unknown}
 w - a scroll of vulnerability {unknown}
 y - a scroll of torment {unknown}
 A - a scroll of butterflies {unknown}
Potions
 a - a potion of lignification
 f - 4 potions of curing {unknown}
 g - 2 potions of enlightenment {unknown}
 k - a potion of haste {unknown}
 s - a potion of heal wounds {unknown}
 v - a potion of magic {unknown}
 x - a potion of degeneration {unknown}
 z - a potion of resistance {unknown}


   Skills:
 + Level 4.7 Fighting
 + Level 5.2 Dodging
 + Level 5.7 Unarmed Combat
 * Level 6.5 Shapeshifting


You had 7 spell levels left.
You didn't know any spells.
Your spell library was empty.

Dungeon Overview and Level Annotations

Branches:
Dungeon (5/15)
 Temple: D:4-7

Altars:
Vehumet

Shops:
D:1 [   D:3 [:(?

Annotations:
D:3 1 runed translucent door, Crazy Yiuf
D:5 1 runed translucent door, wormstring's ghost, novice DgHu


Innate Abilities, Weirdness & Mutations

You are something dangerously unstable.
You glow with magical radiation, making you easy to see and hit.
Foes you strike become dangerously contaminated with magical radiation.
You are incapable of wielding weapons or throwing items.
You cannot wear most types of armour.
You are amphibious.
You can wear up to eight rings at the same time.
Your skin changes colour to match your surroundings (Stealth+).
Your rubbery body absorbs attacks. (AC +1, EV +1)
((You are camouflaged when in or above water. (Stealth+)))
You have tentacles for arms and can constrict up to eight enemies at once.


Message History

The orc wizard points at you and mumbles some strange words.
You resist with some effort.
The ogre shouts!
You tentacle-slap the orc wizard.
You kill the orc wizard!
Reactivating autopickup.
You block the adder's attack. The adder misses you.
Unknown command.
The adder attacks as you move away! The adder bites you.
* * * LOW HITPOINT WARNING * * *
You are poisoned.
The adder poisons you!
You feel sick. The jackal misses you.
Things that are here:
a +0 short sword; a +0 leather armour; an orc corpse Unknown command.
The jackal barks!
You tentacle-slap the adder.
The adder begins to glow.
Your grab misses the adder.
The adder is moderately wounded.
You feel sick.
You hear a shout! x2
The adder bites you.
* * * LOW HITPOINT WARNING * * *
The jackal bites you but does no damage.
The adder attacks as you move away! You block the adder's attack.
* * * LOW HITPOINT WARNING * * *
You feel sick.
* * * LOW HITPOINT WARNING * * *
You feel sick. The jackal completely misses you.
The adder bites you but does no damage.
* * * LOW HITPOINT WARNING * * *
You feel sick. The adder completely misses you.
* * * LOW HITPOINT WARNING * * *
You feel sick.
You are no longer poisoned.
The jackal closely misses you.
There is a stone staircase leading up here.
The jackal bites you but does no damage.
The adder bites you.
You die...

......... ...#.# ##
......... ##....####..#
.......h..##..)....>...#
.............h...###..#
.#.........)..)####.#.#
.........g.........(.##
..#.............O..#..#
o.#....)......##hS..#
?.........#....hB.#...#
...............#.....##
..............###+##.#
...............#Wrr# #
............#. #rS~#
o........... #~~~#
......#.... #~~~#
......... #~/~# ........


You could see an ogre, wormstring's ghost, a gnoll (wandering), an adder
(contam), 2 river rats, 3 jackals, a ball python and a rat.

Vanquished Creatures
  Eustachio (D:4)
  A black bear (D:4)
  5 phantoms (D:4)
  Blork the orc (D:4)
  A water moccasin zombie (D:4)
  2 scorpions (D:3)
  2 bullfrog zombies (D:4)
  3 hounds (D:4)
  2 centaur skeletons (D:4)
  A bullfrog skeleton (D:4)
  An orc priest (D:5)
  4 orc wizards
  Natasha (thrice) (D:2)
  2 iguanas
  A scorpion zombie (D:4)
  4 hound zombies (D:4)
  A hound skeleton (D:4)
  A howler monkey zombie (D:4)
  Robin (D:3)
  A gnoll (D:5)
  2 adders
  An adder zombie (D:4)
  2 adder skeletons (D:4)
  2 worms
  A dart slug (D:1)
  7 orcs
  6 bats
  4 endoplasms
  3 giant cockroaches
  17 goblins
  6 hobgoblins
  4 jackals (D:3)
  3 quokkas
  9 ball pythons
  6 frilled lizards
  A jackal skeleton (D:4)
  A jackal zombie (D:4)
  10 kobolds
  4 rats
127 creatures vanquished.

Notes
Turn   | Place    | Note
-------+----------+-------------------------------------------
     0 | D:1      | LeprechaunX the Octopode Shapeshifter began the quest for
                  | the Orb.
     0 | D:1      | Reached XP level 1. HP: 13/13 MP: 1/1
    70 | D:1      | Found Dezoluog's Armour Shop.
   270 | D:1      | Found a faded altar of an unknown god.
   284 | D:1      | Reached XP level 2. HP: 8/18 MP: 2/2
  1232 | D:2      | Reached XP level 3. HP: 23/23 MP: 3/3
  1364 | D:2      | Noticed Natasha
  1374 | D:2      | Killed Natasha
  1375 | D:2      | Reached XP level 4. HP: 12/29 MP: 4/4
  1724 | D:2      | Noticed Natasha
  1731 | D:2      | Killed Natasha
  1803 | D:2      | Noticed Natasha
  1811 | D:2      | Killed Natasha
  1812 | D:2      | Reached XP level 5. HP: 18/34 MP: 5/5
  2017 | D:3      | Reached skill level 4 in Shapeshifting
  2032 | D:3      | Found Jeetai Xitz's Armour Shop.
  2097 | D:3      | Found Gerajiajaun's Book Emporium.
  2297 | D:3      | Noticed Robin
  2445 | D:3      | Killed Robin
  2677 | D:3      | Found Giol Nyudio's Antique Weapon Emporium.
  2685 | D:3      | Found Moiptox's Magic Scroll Shoppe.
  2714 | D:3      | Reached XP level 6. HP: 31/41 MP: 6/6
  2827 | D:3      | Found a runed translucent door.
  2828 | D:3      | Noticed Crazy Yiuf
  2961 | D:4      | Found a radiant altar of Vehumet.
  2980 | D:4      | Noticed a black bear
  2987 | D:4      | Killed a black bear
  3014 | D:4      | Noticed Blork the orc
  3024 | D:4      | Killed Blork the orc
  3025 | D:4      | Reached XP level 7. HP: 17/46 MP: 7/7
  3291 | D:4      | Reached skill level 5 in Shapeshifting
  3537 | D:4      | Reached XP level 8. HP: 38/54 MP: 8/8
  3657 | D:4      | Reached skill level 5 in Unarmed Combat
  3887 | D:4      | Noticed Eustachio
  3898 | D:4      | Killed Eustachio
  3899 | D:4      | Reached skill level 6 in Shapeshifting
  4042 | D:4      | Reached skill level 5 in Dodging
  4287 | D:5      | Entered Level 5 of the Dungeon
  4768 | D:5      | Noticed wormstring's ghost (novice DgHu)
  4768 | D:5      | Found a runed translucent door.
  4796 | D:5      | HP: 2/54 [poisoned by an adder]
  4799 | D:5      | Slain by an adder

Illustrated notes

Levels and vault maps discovered:
D:1:      minmay_arrival_up_and_down, layout_loops_corners,
          ebering_ecumenical_altar_hall, serial_shops,
          nicolae_shop_temple_entry_statues_fountains, minmay_cut_off
D:2:      layout_basic, corexii_shack, kennysheep_path_1, minmay_pentomino_v2,
          uniq_natasha
D:3:      layout_basic, serial_shops, shop, shop, shop,
          nicolae_shop_pleasant_corner_grove, uniq_robin,
          uniq_crazy_yiuf_cottage
D:4:      layout_basic, lemuel_crystal_altar, serial_undead, serial_undead_c,
          serial_undead_a, serial_undead_f, serial_undead_c, serial_undead_d,
          serial_undead_e, serial_undead_f, serial_undead_a, serial_undead_c,
          serial_undead_e, uniq_blork_the_orc, uniq_eustachio
D:5:      layout_layer_cave, ebering_ghost_sewer_f

Skill      XL: |  1  2  3  4  5  6  7  8 |
---------------+-------------------------+-----
Fighting       | 2 3 4 |  4.7
Dodging        | 3 4 5 |  5.2
Shapeshifting  | 4 5 6 |  6.5
Unarmed Combat | 4 5 |  5.7

Action                     |  1- 3 |  4- 6 |  7- 9 || total
---------------------------+-------+-------+-------++-------
  Melee: Unarmed           |    56 |    91 |   158 ||   305
         Constrict         |    16 |    27 |    36 ||    79
         Tentacles         |     7 |    22 |    47 ||    76
         Punch             |     3 |     2 |     4 ||     9
  Evoke: Wand              |       |     5 |       ||     5
   Stab: Sleeping          |    10 |     6 |       ||    16
 Armour: Skin              |     4 |     7 |    11 ||    22
  Dodge: Dodged            |    29 |    38 |   101 ||   168
  Block: Other             |       |    16 |    30 ||    46
         Reflection        |       |     1 |       ||     1
   Form: Flux              |       |       |     1 ||     1

Table legend: (Time is in decaauts)
 A = Elapsed time spent in this place.
 B = Non-inter-level travel time spent in this place.
 C = Inter-level travel time spent in this place.
 D = Time resting spent in this place.
 E = Time spent auto-exploring this place.
 F = Levels seen in this place.
 G = Mean time per level.
                   A        B        C        D        E       F      G
               +--------+--------+--------+--------+--------+-----+--------+
         Total |   4774 |   4617 |    157 |    507 |   3251 |   5 |  954.8 |
       Dungeon |   4774 |   4617 |    157 |    507 |   3251 |   5 |  954.8 |
               +--------+--------+--------+--------+--------+-----+--------+

Top non-repeatable levels by time:
     D:4: 1642 daAuts
     D:2: 1065 daAuts
     D:1: 1046 daAuts
     D:3: 900 daAuts
     D:5: 120 daAuts
